 Dungeon Crawl Stone Soup version 0.29-a0-473-gacb4ef3bc5 (webtiles) character file.

Game seed: 9194087551737907259

27 KristoblXynda the Skirmisher (level 2, 0/27 HPs)
             Began as a Draconian Monk on May 23, 2022.
             Succumbed to a goblin's poison
             ... on level 2 of the Dungeon.
             The game lasted 00:01:28 (1636 turns).

KristoblXynda the Skirmisher (Draconian Monk)       Turns: 1636, Time: 00:01:29

Health: 0/27       AC:  4    Str: 13    XL:     2   Next: 93%
Magic:  2/2        EV: 13    Int: 10    God:
Gold:   17         SH:  0    Dex: 13    Spells: 1/1 levels left

rFire   . . .      SeeInvis .     - Unarmed
rCold   . . .      Faith    .   (no shield)
rNeg    . . .      Spirit   .   (body armour unavailable)
rPois   .          Reflect  .   (helmet restricted)
rElec   .          Harm     .   (no cloak)
rCorr   +          Rampage  .   (no gloves)
Will    .....                   (no boots)
Stlth   ++........              (no amulet)
HPRegen 0.09/turn               b - ring of resist corrosion
MPRegen 0.08/turn               (no ring)

@: lethally poisoned (0 -> 0)
A: AC +4, unfitting armour, cold-blooded
a: no special abilities


You were on level 2 of the Dungeon.
You visited 1 branch of the dungeon, and saw 2 of its levels.

You collected 17 gold pieces.

Inventory:

Missiles
 g - 6 javelins (quivered)
Armour
 n - an orb of wrath
Jewellery
 b - a ring of resist corrosion (left hand)
Scrolls
 a - a scroll of enchant weapon {unknown}
 e - a scroll of magic mapping {unknown}
 h - a scroll of poison {unknown}
 j - a scroll of identify {unknown}
 l - a scroll of fog {unknown}
 m - a scroll of amnesia {unknown}
Potions
 c - a potion of curing {unknown}
 d - a potion of heal wounds {unknown}
 f - a potion of brilliance {unknown}
 i - a potion of resistance {unknown}
 k - a potion of flight {unknown}


   Skills:
 + Level 3.7 Fighting
 + Level 3.1 Dodging
 - Level 1.7 Stealth
 + Level 3.4 Unarmed Combat


You had one spell level left.
You didn't know any spells.
Your spell library contained the following spells:

 Spells                   Type           Power      Damage    Failure   Level
 Apportation              Tloc           0%         N/A       36%         1
 Alistair's Intoxication  Tmut/Pois      0%         N/A       100%        5


Dungeon Overview and Level Annotations

Branches:
Dungeon (2/15)

Altars:

Annotations:
D:2 Sigmund


Innate Abilities, Weirdness & Mutations

Your plain brown scales are hard. (AC +4)
You cannot fit into any form of body armour.
You are cold-blooded and may be slowed by cold attacks.


Message History

You barely miss the goblin.
You feel sick. The goblin barely misses you.
You barely miss the goblin.
You feel sick. The goblin misses you. The goblin barely misses you.
You completely miss the goblin.
Sigmund shouts!
Your tail-slap misses the goblin.
You feel sick. The goblin misses you. The goblin barely misses you.
You closely miss the goblin.
You feel sick. The goblin closely misses you. The goblin misses you.
You barely miss the goblin.
You feel sick. The goblin barely misses you.
The goblin hits you with a +2 dagger of venom.
Sigmund looks at you with fury.
You hit the goblin.
The goblin is heavily wounded.
You feel sick.
You are no longer poisoned.
The goblin hits you but does no damage. x2
You are poisoned.
Sigmund hits you from afar with a +0 scythe.
You feel very sick.
* * * LOW HITPOINT WARNING * * *
You feel sick.
* * * LOW HITPOINT WARNING * * *
You feel sick.
Sigmund casts a spell.
Sigmund flickers and vanishes!
Deactivating autopickup; reactivate with Ctrl-A.
The goblin attacks as you move away! The goblin hits you but does no damage.
* * * LOW HITPOINT WARNING * * *
You feel sick. The goblin attacks as you move away!
The goblin barely misses you.
* * * LOW HITPOINT WARNING * * *
You feel sick. The goblin attacks as you move away!
The goblin hits you but does no damage.
* * * LOW HITPOINT WARNING * * *
You feel sick.
* * * LOW HITPOINT WARNING * * *
You feel sick.
There is a stone staircase leading up here.
You die...

#.##.# ........g......
#.##.### .8.8.....<....#
#.#....# ########...#>##
#......# #.#####....##
#......# #... ##.....
#......# ..# #...#.
#.<....## #####.# #......
#.......####.....##........
#.#.......@gg..............
###....#####....[#..#......
#....# #.....##!.......
#....# #.#######......$
###### ...# ..... #####
###.


You could see 2 goblins.

Vanquished Creatures
  A dart slug (D:1)
  A ball python (D:1)
  3 endoplasms
  4 giant cockroaches (D:1)
  4 goblins
  2 quokkas (D:1)
  A bat (D:1)
  2 frilled lizards (D:1)
  4 rats (D:1)
22 creatures vanquished.

Notes
Turn   | Place    | Note
-------+----------+-------------------------------------------
     0 | D:1      | KristoblXynda the Draconian Monk began the quest for the
                  | Orb.
     0 | D:1      | Reached XP level 1. HP: 19/19 MP: 1/1
   303 | D:1      | Reached XP level 2. HP: 16/26 MP: 2/2
  1217 | D:2      | Noticed Sigmund
  1635 | D:2      | HP: 1/27 [poisoned by a goblin]
  1636 | D:2      | Succumbed to a goblin's poison

Illustrated notes

Levels and vault maps discovered:
D:1:      evilmike_arrival_crescent, layout_basic
D:2:      kennysheep_the_goblin_king, layout_rooms,
          ebering_ecumenical_altar_rust, minmay_pentomino_p2, uniq_sigmund

Skill      XL: |  1  2 |
---------------+-------+-----
Dodging        | 3 |  3.1
Fighting       | |  3.7
Stealth        | |  1.7
Unarmed Combat | |  3.4

Action                   || total
-------------------------++-------
Melee: Unarmed           ||    82
       Tailslap          ||     9
       Punch             ||     1
  Use: Potion            ||     1
 Stab: Sleeping          ||     3
Armor: Skin              ||    26
Dodge: Dodged            ||    63

Table legend: (Time is in decaauts)
 A = Elapsed time spent in this place.
 B = Non-inter-level travel time spent in this place.
 C = Inter-level travel time spent in this place.
 D = Time resting spent in this place.
 E = Time spent auto-exploring this place.
 F = Levels seen in this place.
 G = Mean time per level.
                   A        B        C        D        E       F      G
               +--------+--------+--------+--------+--------+-----+--------+
         Total |   1631 |   1540 |     91 |    287 |   1025 |   2 |  815.5 |
       Dungeon |   1631 |   1540 |     91 |    287 |   1025 |   2 |  815.5 |
               +--------+--------+--------+--------+--------+-----+--------+

Top non-repeatable levels by time:
     D:1: 1521 daAuts
     D:2: 109 daAuts
